CRL
ROCKY MOUNT LEAFS @ BURLINGTON SENATORS
06/27/1982
 
TOP OF THE 1ST
Rocky Mount Leafs batting - Pitching for Burlington Senators : LHP Bobby Sprowl
Pitching: LHP Bobby Sprowl
Batting: LHB Ronald Naclerio 0-0: Foul Ball, location: 2F
0-1: Foul Ball, location: 2F
0-2: Ball
1-2: Foul Ball, location: 2F
1-2: Foul Ball, location: 2F
1-2: SINGLE (Line Drive, 34D, EV 95.0 MPH)
Batting: RHB Ricardo Villasenor 0-0: Ball
1-0: Called Strike
1-1: Ball
2-1: Foul Ball, location: 2F
2-2: Strikes out swinging
Batting: RHB Glen Bockhorn 0-0: Grounds into double play, 6-4-3 (Groundball, 6, EV 86.3 MPH)
Top of the 1st over - 0 runs, 1 hit, 0 errors, 0 left on base; Rocky Mount 0 - Burlington 0
BOTTOM OF THE 1ST
Burlington Senators batting - Pitching for Rocky Mount Leafs : RHP Vic Irizarry
Pitching: RHP Vic Irizarry
Batting: LHB Daniel Spain 0-0: Ball
1-0: Ground out 4-3 (Groundball, 4, EV 88.1 MPH)
Batting: RHB Raymond Bresnahan 0-0: Ball
1-0: Ground out 5-3 (Groundball, 5, EV 87.5 MPH)
Batting: RHB Rick Schu 0-0: Called Strike
0-1: Ball
1-1: Ball
2-1: Fly out, F7 (Flyball, 78D, EV 92.5 MPH)
Bottom of the 1st over - 0 runs, 0 hits, 0 errors, 0 left on base; Rocky Mount 0 - Burlington 0
TOP OF THE 2ND
Rocky Mount Leafs batting - Pitching for Burlington Senators : LHP Bobby Sprowl
Batting: RHB Kevin McGann 0-0: Ball
1-0: Foul Ball, location: 2F
1-1: Swinging Strike
1-2: Foul Ball, location: 2F
1-2: Ground out 6-3 (Groundball, 6S, EV 63.1 MPH)
Batting: RHB James Camacho 0-0: Called Strike
0-1: Ball
1-1: Ball
2-1: Foul Ball, location: 2F
2-2: Ball
3-2: Ground out 5-3 (Groundball, 56S, EV 66.3 MPH)
Batting: RHB Sergio Loya 0-0: Called Strike
0-1: Foul Ball, location: 2F
0-2: Ball
1-2: Ball
2-2: SINGLE (Groundball, 4M, EV 104.4 MPH) (infield hit)
Batting: RHB Tom Lawless 0-0: Called Strike
0-1: Ball
1-1: Foul Ball, location: 2F
1-2: Strikes out swinging
Top of the 2nd over - 0 runs, 1 hit, 0 errors, 1 left on base; Rocky Mount 0 - Burlington 0
BOTTOM OF THE 2ND
Burlington Senators batting - Pitching for Rocky Mount Leafs : RHP Vic Irizarry
Batting: LHB John Skorochocki 0-0: Ball
1-0: Ball
2-0: Fly out, F3 (Line Drive, 3, EV 63.1 MPH)
Batting: RHB Joseph Lorenz 0-0: Swinging Strike
0-1: Ground out 6-3 (Groundball, 6M, EV 103.8 MPH)
Batting: LHB Jesus Sandoval 0-0: Called Strike
0-1: Ball
1-1: Fly out, F4 (Popup, 4, EV 55.0 MPH)
Bottom of the 2nd over - 0 runs, 0 hits, 0 errors, 0 left on base; Rocky Mount 0 - Burlington 0
TOP OF THE 3RD
Rocky Mount Leafs batting - Pitching for Burlington Senators : LHP Bobby Sprowl
Batting: RHB Brian Poldberg 0-0: Called Strike
0-1: Ball
1-1: Called Strike
1-2: Fly out, F8 (Flyball, 78D, EV 90.0 MPH)
Batting: RHB Todd Cruz 0-0: Ball
1-0: Ball
2-0: SINGLE (Groundball, 6MD, EV 101.9 MPH)
Batting: LHB Ronald Naclerio 0-0: Called Strike
0-1: Foul Ball, location: 2F
0-2: Ball
1-2: Foul Ball, location: 2F
1-2: Ball
2-2: Fielders Choice at 2nd, 6-4 (Groundball, 6, EV 81.9 MPH)
Batting: RHB Ricardo Villasenor 0-0: Swinging Strike
0-1: Swinging Strike
0-2: Strikes out swinging, 2-3 out at first.
Top of the 3rd over - 0 runs, 1 hit, 0 errors, 1 left on base; Rocky Mount 0 - Burlington 0
BOTTOM OF THE 3RD
Burlington Senators batting - Pitching for Rocky Mount Leafs : RHP Vic Irizarry
Batting: RHB Glenn Millhauser 0-0: Foul Ball, location: 2F
0-1: Ball
1-1: Swinging Strike
1-2: Ball
2-2: Strikes out swinging
Batting: RHB Ronnie Mears 0-0: Ball
1-0: Foul Ball, location: 2F
1-1: Foul Ball, location: 2F
1-2: Ball
2-2: Strikes out swinging
Batting: RHB Brad Bauman 0-0: Called Strike
0-1: SOLO HOME RUN (Line Drive, 78XD, EV 100.6 MPH), Distance : 408 ft
Batting: LHB Daniel Spain 0-0: Ground out 4-3 (Groundball, 4S, EV 79.4 MPH)
Bottom of the 3rd over - 1 run, 1 hit, 0 errors, 0 left on base; Rocky Mount 0 - Burlington 1
TOP OF THE 4TH
Rocky Mount Leafs batting - Pitching for Burlington Senators : LHP Bobby Sprowl
Batting: RHB Glen Bockhorn 0-0: Foul Ball, location: 2F
0-1: Swinging Strike
0-2: Ball
1-2: Ball
2-2: DOUBLE (Flyball, 89D, EV 110.6 MPH)
Batting: RHB Kevin McGann 0-0: Ball
1-0: Called Strike
1-1: Called Strike
1-2: Ball
2-2: Strikes out swinging
Batting: RHB James Camacho 0-0: Ball
1-0: Ball
2-0: DOUBLE (Flyball, 8LXD, EV 100.0 MPH)
Glen Bockhorn scores
Batting: RHB Sergio Loya 0-0: Called Strike
0-1: Ball
1-1: Ball
2-1: 2-RUN HOME RUN (Flyball, 7LD, EV 105.0 MPH), Distance : 357 ft
Batting: RHB Tom Lawless 0-0: Called Strike
0-1: Swinging Strike
0-2: Ball
1-2: Strikes out swinging
Batting: RHB Brian Poldberg 0-0: Ball
1-0: Ball
2-0: Called Strike
2-1: Fly out, F3 (Popup, 34S, EV 69.4 MPH)
Top of the 4th over - 3 runs, 3 hits, 0 errors, 0 left on base; Rocky Mount 3 - Burlington 1
BOTTOM OF THE 4TH
Burlington Senators batting - Pitching for Rocky Mount Leafs : RHP Vic Irizarry
Batting: RHB Raymond Bresnahan 0-0: Ball
1-0: Ball
2-0: Ball
3-0: Called Strike
3-1: Foul Ball, location: 2F
3-2: SOLO HOME RUN (Flyball, 9D, EV 97.5 MPH), Distance : 360 ft
Batting: RHB Rick Schu 0-0: Called Strike
0-1: Ball
1-1: Ball
2-1: Foul Ball, location: 2F
2-2: Foul Ball, location: 2F
2-2: Foul Ball, location: 2F
2-2: Foul Ball, location: 2F
2-2: SOLO HOME RUN (Line Drive, 7D, EV 98.1 MPH), Distance : 371 ft
Batting: LHB John Skorochocki 0-0: Ball
1-0: Ball
2-0: Called Strike
2-1: Ball
3-1: Foul Ball, location: 2F
3-2: Base on Balls
Batting: RHB Joseph Lorenz 0-0: SINGLE (Groundball, 56S, EV 61.9 MPH) (infield hit)
John Skorochocki to second
Batting: LHB Jesus Sandoval 0-0: Ball
1-0: Grounds into double play, 4-6-3 (Groundball, 4, EV 105.0 MPH)
John Skorochocki to third
Batting: RHB Glenn Millhauser 0-0: Called Strike
0-1: Foul Ball, location: 2F
0-2: SINGLE (Groundball, 6MD, EV 96.3 MPH)
John Skorochocki scores
Batting: RHB Ronnie Mears 0-0: Called Strike
0-1: Fielders Choice at 2nd, 6-4 (Groundball, 6D, EV 103.8 MPH)
Bottom of the 4th over - 3 runs, 4 hits, 0 errors, 1 left on base; Rocky Mount 3 - Burlington 4
TOP OF THE 5TH
Rocky Mount Leafs batting - Pitching for Burlington Senators : LHP Bobby Sprowl
Batting: RHB Todd Cruz 0-0: Called Strike
0-1: Swinging Strike
0-2: Ground out U3 (Groundball, 3L, EV 106.3 MPH)
Batting: LHB Ronald Naclerio 0-0: Ball
1-0: Foul Ball, location: 2F
1-1: Ball
2-1: Ball
3-1: Called Strike
3-2: Base on Balls
Batting: RHB Ricardo Villasenor 0-0: Ball
1-0: Ball
2-0: Swinging Strike
2-1: SINGLE (Groundball, 4M, EV 103.1 MPH) (infield hit)
Ronald Naclerio to second
Batting: RHB Glen Bockhorn 0-0: Called Strike
0-1: Fly out, F8 (Flyball, 89D, EV 101.3 MPH)
Runner from 2nd tags up, SAFE at 3rd, no throw by CF
Batting: RHB Kevin McGann 0-0: Called Strike
0-1: Fielders Choice at 2nd, 6-4 (Groundball, 6, EV 81.9 MPH)
Top of the 5th over - 0 runs, 1 hit, 0 errors, 2 left on base; Rocky Mount 3 - Burlington 4
BOTTOM OF THE 5TH
Burlington Senators batting - Pitching for Rocky Mount Leafs : RHP Vic Irizarry
Batting: RHB Brad Bauman 0-0: Ball
1-0: Ground out U3 (Groundball, 34D, EV 103.1 MPH)
Batting: LHB Daniel Spain 0-0: Ball
1-0: Foul Ball, location: 2F
1-1: Ball
2-1: Ground out 3-1 (Groundball, 34, EV 75.6 MPH)
Batting: RHB Raymond Bresnahan 0-0: Ground out 3-1 (Groundball, 34, EV 99.4 MPH)
Bottom of the 5th over - 0 runs, 0 hits, 0 errors, 0 left on base; Rocky Mount 3 - Burlington 4
TOP OF THE 6TH
Rocky Mount Leafs batting - Pitching for Burlington Senators : LHP Bobby Sprowl
Batting: RHB James Camacho 0-0: Called Strike
0-1: Foul Ball, location: 2F
0-2: Ground out 5-3 (Groundball, 5, EV 85.6 MPH)
Batting: RHB Sergio Loya 0-0: Ball
1-0: Ground out 6-3 (Groundball, 6, EV 106.9 MPH)
Batting: RHB Tom Lawless 0-0: Called Strike
0-1: Called Strike
0-2: DOUBLE (Line Drive, 9LM, EV 106.9 MPH)
Batting: RHB Brian Poldberg 0-0: Ball
1-0: Called Strike
1-1: Foul Ball, location: 2F
1-2: Ball
2-2: Ball
3-2: DOUBLE (Line Drive, 7LS, EV 87.5 MPH)
Tom Lawless scores
Batting: RHB Todd Cruz 0-0: Swinging Strike
0-1: Ball
1-1: SINGLE (Groundball, 25, EV 66.9 MPH) (infield hit)
Brian Poldberg to third
Batting: LHB Ronald Naclerio 0-0: Foul Ball, location: 2F
0-1: Ball
1-1: Ball
2-1: Ground out 5-3 (Groundball, 56, EV 85.6 MPH)
Top of the 6th over - 1 run, 3 hits, 0 errors, 2 left on base; Rocky Mount 4 - Burlington 4
BOTTOM OF THE 6TH
Burlington Senators batting - Pitching for Rocky Mount Leafs : RHP Vic Irizarry
Batting: RHB Rick Schu 0-0: Called Strike
0-1: Ground out 6-3 (Groundball, 4M, EV 103.1 MPH)
Batting: LHB John Skorochocki 0-0: Called Strike
0-1: Fly out, F5 (Popup, 25F, EV 85.0 MPH)
Batting: RHB Joseph Lorenz 0-0: Ball
1-0: Ball
2-0: Called Strike
2-1: Ball
3-1: Swinging Strike
3-2: Base on Balls
Batting: LHB Jesus Sandoval 0-0: Called Strike
0-1: Ball
1-1: Foul Ball, location: 2F
1-2: SINGLE (Groundball, 4MD, EV 97.5 MPH)
Joseph Lorenz to second
Runner from 2nd tries for 3rd, SAFE, throw by CF made to third
Batting: RHB Glenn Millhauser 0-0: Ball
1-0: Reached on error, E6 (Groundball, 6, EV 79.4 MPH)
Joseph Lorenz scores
Jesus Sandoval to second
Batting: RHB Ronnie Mears 0-0: Swinging Strike
0-1: Called Strike
0-2: Strikes out swinging
Bottom of the 6th over - 1 run, 1 hit, 1 error, 2 left on base; Rocky Mount 4 - Burlington 5
TOP OF THE 7TH
Rocky Mount Leafs batting - Pitching for Burlington Senators : LHP Bobby Sprowl
Batting: RHB Ricardo Villasenor 0-0: Called Strike
0-1: Ball
1-1: Ball
2-1: Foul Ball, location: 2F
2-2: Fly out, F7 (Flyball, 7, EV 90.6 MPH)
Batting: RHB Glen Bockhorn 0-0: Called Strike
0-1: Foul Ball, location: 2F
0-2: Ball
1-2: Ball
2-2: SINGLE (Groundball, 56D, EV 95.6 MPH)
Batting: RHB Kevin McGann 0-0: Ball
1-0: Fielders Choice at 2nd, 3-6 (Groundball, 3, EV 86.3 MPH)
Batting: RHB James Camacho 0-0: Ball
1-0: Ball
2-0: Ball
3-0: Called Strike
3-1: Base on Balls
Kevin McGann to second
Batting: RHB Sergio Loya 0-0: Ball
1-0: Ball
2-0: Called Strike
2-1: Ball
3-1: Base on Balls
Kevin McGann to third
James Camacho to second
Batting: RHB Tom Lawless 0-0: Called Strike
0-1: Swinging Strike
0-2: Fly out, F9 (Flyball, 89D, EV 104.4 MPH)
Top of the 7th over - 0 runs, 1 hit, 0 errors, 3 left on base; Rocky Mount 4 - Burlington 5
BOTTOM OF THE 7TH
Burlington Senators batting - Pitching for Rocky Mount Leafs : RHP Vic Irizarry
Pitching: RHP Nicolas Decena
Batting: RHB Brad Bauman 0-0: Called Strike
0-1: Ball
1-1: Swinging Strike
1-2: Foul Ball, location: 2F
1-2: Strikes out swinging
Batting: LHB Daniel Spain 0-0: Swinging Strike
0-1: Called Strike
0-2: Fly out, F9 (Flyball, 89S, EV 88.8 MPH)
Batting: RHB Raymond Bresnahan 0-0: Ball
1-0: Called Strike
1-1: Fly out, F4 (Popup, 4D, EV 61.9 MPH)
Bottom of the 7th over - 0 runs, 0 hits, 0 errors, 0 left on base; Rocky Mount 4 - Burlington 5
TOP OF THE 8TH
Rocky Mount Leafs batting - Pitching for Burlington Senators : LHP Bobby Sprowl
Batting: RHB Brian Poldberg 0-0: Ball
1-0: Ball
2-0: Swinging Strike
2-1: Ball
3-1: Foul Ball, location: 2F
3-2: Base on Balls
Pinch Hitting: SHB Keith Spreckels 0-0: SINGLE (Line Drive, 78S, EV 105.0 MPH)
Brian Poldberg to second
Pinch Hitting: RHB Theodore Smith 0-0: Called Strike
0-1: SINGLE (Groundball, 6D, EV 97.5 MPH)
Brian Poldberg to third
Keith Spreckels to second
Runner from 3rd tries for Home, throw by LF and OUT! 7-2
Batting: RHB Ricardo Villasenor 0-0: Reached on error, E1 (Groundball, 15S, EV 43.8 MPH)
Keith Spreckels scores
Theodore Smith to third
Batting: RHB Glen Bockhorn 0-0: Ball
1-0: Ball
2-0: Ball
3-0: Base on Balls
Batting: RHB Kevin McGann 0-0: Called Strike
0-1: Called Strike
0-2: Foul Ball, location: 2F
0-2: Ball
1-2: Ball
2-2: Foul Ball, location: 2F
2-2: Ball
3-2: SINGLE (Groundball, 56, EV 81.9 MPH) (infield hit)
Theodore Smith scores
Ricardo Villasenor to third
Glen Bockhorn to second
Pitching: RHP Mark Garland
Batting: RHB James Camacho 0-0: Called Strike
0-1: Ball
1-1: Called Strike
1-2: Ball
2-2: SINGLE (Flyball, 89S, EV 87.5 MPH)
Ricardo Villasenor scores
Glen Bockhorn to third
Kevin McGann to second
Runner from 3rd tries for Home, throw by RF and OUT! 9-2
Batting: RHB Sergio Loya 0-0: Ball
1-0: Fly out, F9 (Flyball, 9S, EV 73.8 MPH)
Top of the 8th over - 3 runs, 4 hits, 1 error, 2 left on base; Rocky Mount 7 - Burlington 5
BOTTOM OF THE 8TH
Burlington Senators batting - Pitching for Rocky Mount Leafs : RHP Nicolas Decena
Now at SS: Nario Campione
Now in CF: Jim McArdle
Batting: RHB Rick Schu 0-0: Ball
1-0: Called Strike
1-1: Swinging Strike
1-2: Ball
2-2: SINGLE (Line Drive, 89S, EV 97.5 MPH)
Batting: LHB John Skorochocki 0-0: Ball
1-0: Ball
2-0: Foul Ball, location: 2F
2-1: Grounds into double play, 4-6-3 (Groundball, 4, EV 108.1 MPH)
Batting: RHB Joseph Lorenz 0-0: Swinging Strike
0-1: Ball
1-1: Fly out, F7 (Flyball, 7, EV 85.6 MPH)
Bottom of the 8th over - 0 runs, 1 hit, 0 errors, 0 left on base; Rocky Mount 7 - Burlington 5
TOP OF THE 9TH
Rocky Mount Leafs batting - Pitching for Burlington Senators : RHP Mark Garland
Batting: RHB Tom Lawless 0-0: Called Strike
0-1: TRIPLE (Flyball, 89XD, EV 93.1 MPH)
Batting: RHB Brian Poldberg 0-0: Swinging Strike
0-1: Ball
Balk!
Tom Lawless scores
1-1: Foul Ball, location: 2F
1-2: Fly out, F9 (Flyball, 9LM, EV 102.5 MPH)
Batting: RHB Jim McArdle 0-0: Ball
1-0: Fly out, F9 (Flyball, 9LS, EV 82.5 MPH)
Batting: RHB Nario Campione 0-0: Ball
1-0: Ball
2-0: Called Strike
2-1: Called Strike
2-2: Foul Ball, location: 2F
2-2: Fly out, F7 (Flyball, 7LM, EV 76.3 MPH)
Top of the 9th over - 1 run, 1 hit, 0 errors, 0 left on base; Rocky Mount 8 - Burlington 5
BOTTOM OF THE 9TH
Burlington Senators batting - Pitching for Rocky Mount Leafs : RHP Nicolas Decena
Pitching: RHP Edgar Cruz
Batting: LHB Jesus Sandoval 0-0: Called Strike
0-1: Ball
1-1: Swinging Strike
1-2: Foul Ball, location: 2F
1-2: Ground out 3-1 (Groundball, 34, EV 80.6 MPH)
Batting: RHB Glenn Millhauser 0-0: Called Strike
0-1: Ball
1-1: Foul Ball, location: 2F
1-2: Foul Ball, location: 2F
1-2: Ball
2-2: Foul Ball, location: 2F
2-2: SOLO HOME RUN (Flyball, 7LD, EV 101.3 MPH), Distance : 347 ft
Batting: RHB Ronnie Mears 0-0: Foul Ball, location: 2F
0-1: Ball
1-1: Ball
2-1: Swinging Strike
2-2: Ball
3-2: Strikes out swinging
Batting: RHB Brad Bauman 0-0: Swinging Strike
0-1: Called Strike
0-2: Strikes out swinging
Bottom of the 9th over - 1 run, 1 hit, 0 errors, 0 left on base; Rocky Mount 8 - Burlington 6
Wednesday, August 12th, 2020 - OOTP Baseball 21.5 Build 76